[Event "Titled Tuesday Blitz April 05 Late 2022"]
[White "Ashiev, Eduard"]
[Black "Kostiukov, Alexandr"]
[WhiteFideId "4130090"]
[BlackFideId "14108100"]
[WhiteElo "2004"]
[BlackElo "2202"]
[Result "0-1"]
[Round "10"]
[TimeControl "180+1"]
[Date "2022.04.06"]
[WhiteClock "0:00:09"]
[BlackClock "0:00:02"]

1. d4 g6 2. e4 Bg7 3. Nc3 d6 4. f4 e6 5. Nf3 Ne7 6. Bd3 O-O 7. O-O c5 8. dxc5 dxc5 9. Be3 b6 10. e5 Bb7 11. Be4 Bxe4 12. Nxe4 Nf5 13. Bf2 h5 14. c3 Qc7 15. Qe1 Nc6 16. h3 Rad8 17. g4 hxg4 18. hxg4 Nh6 19. g5 Nf5 20. Kg2 Rd3 21. Nh2 Rfd8 22. Ng4 Nce7 23. Rh1 Qc6 24. Kg1 Rf3 25. Qe2 Rxf4 26. Ngf6+ Kf8 27. Rd1 Nd5 28. c4 Nd4 29. Bxd4 cxd4 30. cxd5 exd5 31. Rxd4 Qe6 32. Nf2 Rxd4 33. Rh7 Bxf6 34. gxf6 Ke8 35. Rh8+ Kd7 36. Qb5+ Kc7 37. Qa6 Rxh8 38. Qxa7+ Kc6 39. Qa6 Rb8 40. Qa4+ Kb7 41. Nd3 Rxa4 42. Nc5+ bxc5 0-1


[Site "https://www.chess.com"]

[Event "Titled Tuesday Blitz April 05 Late 2022"]
[White "Baker, Chris W"]
[Black "Mohammadian, Mohammad"]
[WhiteFideId "401676"]
[BlackFideId "12566055"]
[WhiteElo "2139"]
[BlackElo "1544"]
[Result "1-0"]
[Round "10"]
[TimeControl "180+1"]
[Date "2022.04.06"]
[WhiteClock "0:01:47"]
[BlackClock "0:01:39"]

1. e4 e5 2. Nf3 Nc6 3. Bc4 Bc5 4. O-O Nf6 5. d4 Bxd4 6. Nxd4 Nxd4 7. Bg5 h6 8. Bh4 g5 9. f4 gxh4 10. fxe5 d5 11. exd5 Nxd5 12. Qxd4 c6 13. Nc3 Be6 14. Ne4 Qb6 15. Nd6+ Kd7 16. Qxb6 axb6 17. Bxd5 Bxd5 18. c4 Be6 19. Rad1 Kc7 20. a3 c5 21. Nxf7 Bxf7 22. Rxf7+ Kc6 23. Rd6# 1-0


[Site "https://www.chess.com"]

[Event "Titled Tuesday Blitz April 05 Late 2022"]
[White "Bas Mas, Jose Joaquin"]
[Black "Petrovic, Aleksa"]
[WhiteFideId "22219064"]
[BlackFideId "967629"]
[WhiteElo "2335"]
[BlackElo "2477"]
[Result "0-1"]
[Round "10"]
[TimeControl "180+1"]
[Date "2022.04.06"]
[WhiteClock "0:00:16"]
[BlackClock "0:00:28"]

1. e4 c5 2. Nc3 e6 3. Nf3 a6 4. d4 cxd4 5. Nxd4 Qc7 6. Bd3 Nf6 7. O-O Nc6 8. Nxc6 bxc6 9. Qe2 e5 10. Bg5 Be7 11. Bxf6 Bxf6 12. Bc4 O-O 13. Rad1 Bb7 14. a4 Be7 15. Qg4 Rad8 16. Qe2 Qb6 17. b3 Bb4 18. Na2 Bc5 19. Nc3 Bd4 20. Nb1 d5 21. Bd3 f5 22. c3 Bc5 23. b4 Bd6 24. a5 Qa7 25. exd5 cxd5 26. Bc2 e4 27. Bb3 Kh8 28. Na3 Be5 29. Rc1 f4 30. c4 d4 31. c5 f3 32. Qa2 fxg2 33. Rfe1 Qb8 34. c6 Bc8 35. Kxg2 Qd6 36. Kf1 Bh3+ 37. Ke2 Bg4+ 38. Kd2 Rxf2+ 0-1


[Site "https://www.chess.com"]

[Event "Titled Tuesday Blitz April 05 Late 2022"]
[White "Bortnyk, Olexandr"]
[Black "Ibarra Jerez, Jose Carlos"]
[WhiteFideId "14120828"]
[BlackFideId "2226332"]
[WhiteElo "2723"]
[BlackElo "2626"]
[Result "1-0"]
[Round "10"]
[TimeControl "180+1"]
[Date "2022.04.05"]
[WhiteClock "0:00:13"]
[BlackClock "0:00:02"]

1. d4 d6 2. Nc3 e5 3. Nf3 exd4 4. Nxd4 Nf6 5. g3 d5 6. Bg2 c5 7. Nb3 d4 8. Ne4 Nc6 9. Bg5 c4 10. Nbd2 Be6 11. Nxf6+ gxf6 12. Bh4 c3 13. bxc3 dxc3 14. Ne4 Be7 15. Qxd8+ Rxd8 16. Nxf6+ Kf8 17. O-O Nd4 18. Bxb7 Nf5 19. Ne4 Nxh4 20. gxh4 Rg8+ 21. Kh1 Bc4 22. Nxc3 Bf6 23. Rad1 Rb8 24. Ne4 Bxh4 25. Nc5 Rxb7 26. Nxb7 Bxe2 27. f3 Rg5 28. a4 Re5 29. Kg2 Bxf1+ 30. Kxf1 Re3 31. Rd3 Re1+ 32. Kg2 Re2+ 33. Kh3 Be7 34. c4 Rc2 35. c5 Bxc5 36. Rd8+ Kg7 37. Rc8 Rc3 38. Nxc5 Rxf3+ 39. Kg4 Rf2 40. h4 Rf1 41. Rc7 a5 42. Ra7 h5+ 43. Kg3 Rc1 44. Rxa5 Rc4 45. Nd7 Rg4+ 46. Kh3 Rd4 47. Ne5 Kf6 48. Nf3 Rd3 49. Kg3 Rb3 50. Rxh5 Ra3 51. a5 Kg6 52. Rg5+ Kf6 53. Rb5 Ke6 54. h5 f6 55. Rb6+ Kf5 56. a6 Ke4 57. Rxf6 Ra5 58. h6 Rh5 59. a7 Ra5 60. h7 1-0


[Site "https://www.chess.com"]

[Event "Titled Tuesday Blitz April 05 Late 2022"]
[White "Brizzi, Milagros Tatiana"]
[Black "P., Komal Kishore"]
[WhiteFideId "128350"]
[BlackFideId "5016703"]
[WhiteElo "1844"]
[BlackElo "2084"]
[Result "1-0"]
[Round "10"]
[TimeControl "180+1"]
[Date "2022.04.06"]
[WhiteClock "0:01:01"]
[BlackClock "0:01:03"]

1. e4 c6 2. d4 d5 3. e5 Bf5 4. h4 h5 5. Bd3 Bxd3 6. Qxd3 e6 7. Nf3 Nh6 8. c4 Be7 9. b3 Nf5 10. g3 Nd7 11. Nbd2 Qa5 12. a4 a6 13. Ba3 Bxa3 14. Rxa3 b5 15. cxd5 cxd5 16. O-O O-O 17. Ng5 Rfc8 18. b4 Qxb4 19. axb5 axb5 20. Rxa8 Rxa8 21. Ndf3 Ra4 22. Rc1 Nxd4 23. Rc8+ 1-0


[Site "https://www.chess.com"]

[Event "Titled Tuesday Blitz April 05 Late 2022"]
[White "Buchenau, Frank"]
[Black "Jaferian, Koosha"]
[WhiteFideId "4604350"]
[BlackFideId "12507440"]
[WhiteElo "2459"]
[BlackElo "2541"]
[Result "1/2-1/2"]
[Round "10"]
[TimeControl "180+1"]
[Date "2022.04.06"]
[WhiteClock "0:00:16"]
[BlackClock "0:00:20"]

1. e4 c6 2. Nf3 d5 3. Nc3 Bg4 4. d4 e6 5. Bd3 Nf6 6. h3 Bxf3 7. Qxf3 dxe4 8. Nxe4 Qxd4 9. Nxf6+ Qxf6 10. Qg3 Be7 11. O-O O-O 12. Qc7 Rd8 13. Qxb7 Nd7 14. Qxc6 Ne5 15. Qe4 Nxd3 16. cxd3 Rab8 17. Be3 Rxb2 18. Bxa7 Rd2 19. d4 Rd5 20. a4 Bd6 21. a5 Qg5 22. Bb6 Rb2 23. Rfc1 Qd2 24. Qf3 Rf5 25. Qa8+ Bf8 26. Rc8 Qxf2+ 27. Kh1 h5 28. Rxf8+ Kh7 29. Rh8+ Kg6 30. Qe4 Re2 31. Qc6 Rd5 32. Rg1 h4 33. a6 Re1 34. Rxe1 Qxe1+ 35. Kh2 Qg3+ 36. Kh1 Qe1+ 37. Kh2 Rf5 38. Qc2 Qg3+ 39. Kg1 Qe1+ 40. Kh2 Qg3+ 41. Kg1 Qe1+ 42. Kh2 1/2-1/2


[Site "https://www.chess.com"]

[Event "Titled Tuesday Blitz April 05 Late 2022"]
[White "Chernobay, Artem"]
[Black "Svane, Frederik"]
[WhiteFideId "4167406"]
[BlackFideId "12923044"]
[WhiteElo "2473"]
[BlackElo "2459"]
[Result "0-1"]
[Round "10"]
[TimeControl "180+1"]
[Date "2022.04.05"]
[WhiteClock "0:00:02"]
[BlackClock "0:00:39"]

1. e4 a6 2. d4 d6 3. f4 g6 4. Nf3 Bg7 5. Bd3 Nd7 6. e5 c5 7. c3 b5 8. O-O Bb7 9. a4 bxa4 10. e6 fxe6 11. Ng5 Nf8 12. Qxa4+ Qd7 13. Qxd7+ Kxd7 14. Nf7 cxd4 15. Nxh8 Bxh8 16. c4 Nf6 17. Re1 Ke8 18. Nd2 N8d7 19. b4 Kf7 20. Bb2 Ng4 21. Ne4 h6 22. Nf2 Ne3 23. g3 Rb8 24. Nd1 Nf5 25. Ra5 e5 26. fxe5 Nxe5 27. Bxf5 gxf5 28. Rf1 Be4 29. Ba3 Nxc4 30. Rxa6 Nd2 31. Rf2 Nf3+ 32. Rxf3 Bxf3 33. Nb2 Be2 34. Ra5 d3 35. Nc4 Bd4+ 36. Kg2 Ke6 37. Nd2 Be3 38. Nc4 Bd4 39. Nd2 Bc3 40. Nb3 d2 41. Nxd2 Bxd2 0-1


[Site "https://www.chess.com"]

[Event "Titled Tuesday Blitz April 05 Late 2022"]
[White "Chiku-Ratte, Olivier-Kenta"]
[Black "Harish, Neeraj"]
[WhiteFideId "2614782"]
[BlackFideId "30958130"]
[WhiteElo "2324"]
[BlackElo "1574"]
[Result "1-0"]
[Round "10"]
[TimeControl "180+1"]
[Date "2022.04.06"]
[WhiteClock "0:00:09"]
[BlackClock "0:00:11"]

1. Nf3 Nf6 2. c4 g6 3. g3 Bg7 4. Bg2 O-O 5. O-O d5 6. cxd5 Nxd5 7. Nc3 Nxc3 8. bxc3 c5 9. Rb1 Nc6 10. Ne1 Qc7 11. Nd3 c4 12. Nb2 Bf5 13. e4 Be6 14. Qe2 b5 15. a4 a6 16. Nd1 Rab8 17. axb5 axb5 18. Ne3 Ne5 19. f4 Nd3 20. f5 Bd7 21. Ba3 Bc6 22. Nd5 Bxd5 23. exd5 Rfe8 24. Kh1 Ra8 25. Bb4 Ra2 26. d6 Qd7 27. dxe7 Nxb4 28. Rxb4 Rxd2 29. Qf3 Rxe7 30. f6 Bxf6 31. Qxf6 Ree2 32. Rxb5 Qe8 33. Rb8 Qxb8 34. Qxf7+ Kh8 35. Qf6+ Kg8 36. Bd5+ Rxd5 37. Qf7+ Kh8 38. Qxd5 Qe5 39. Qxe5+ Rxe5 40. Rf4 Rc5 41. Kg2 Kg7 42. Rd4 Kf6 43. Rd7 h5 44. h4 g5 45. Kf3 gxh4 46. gxh4 Rf5+ 47. Ke4 Re5+ 48. Kd4 Rf5 49. Kxc4 Rf4+ 50. Rd4 Rxh4 51. Rxh4 Kg5 52. Rd4 1-0


[Site "https://www.chess.com"]

[Event "Titled Tuesday Blitz April 05 Late 2022"]
[White "Clawitter, Craig"]
[Black "Levin, Anthony"]
[WhiteFideId "2023105"]
[BlackFideId "30940680"]
[WhiteElo "2212"]
[BlackElo "2051"]
[Result "0-1"]
[Round "10"]
[TimeControl "180+1"]
[Date "2022.04.06"]
[WhiteClock "0:00:02"]
[BlackClock "0:00:10"]

1. e4 c5 2. Nf3 d6 3. d4 cxd4 4. Nxd4 Nf6 5. Nc3 a6 6. Be3 e5 7. Nb3 Be6 8. f3 h5 9. Nd5 Nxd5 10. exd5 Bf5 11. Be2 Nd7 12. O-O Be7 13. Rc1 Bg5 14. Qd2 Bxe3+ 15. Qxe3 O-O 16. f4 exf4 17. Qxf4 Qb6+ 18. Kh1 Bg6 19. c4 a5 20. Qh4 a4 21. Nd4 Qxb2 22. Rcd1 Qxa2 23. Bxh5 Bxh5 24. Qxh5 Qxc4 25. Qg5 Ne5 26. Nf5 Ng6 27. Rf3 Qe2 28. Rdf1 a3 29. h4 a2 30. h5 a1=Q 31. hxg6 Qf6 32. Qh5 Qxg6 33. Qxg6 fxg6 34. Ne7+ Qxe7 35. Rxf8+ Rxf8 0-1


[Site "https://www.chess.com"]

[Event "Titled Tuesday Blitz April 05 Late 2022"]
[White "Curtis, John"]
[Black "Hnydiuk, Aleksander"]
[WhiteFideId "3200256"]
[BlackFideId "1109057"]
[WhiteElo "2173"]
[BlackElo "2542"]
[Result "0-1"]
[Round "10"]
[TimeControl "180+1"]
[Date "2022.04.06"]
[WhiteClock "0:00:02"]
[BlackClock "0:00:58"]

1. e4 Nf6 2. e5 Nd5 3. d4 d6 4. c4 Nb6 5. exd6 exd6 6. Be2 Be7 7. Be3 O-O 8. Nf3 Nc6 9. O-O Bg4 10. b3 Bf6 11. Nbd2 Re8 12. Rc1 d5 13. h3 Bh5 14. c5 Nc8 15. a3 N8e7 16. b4 Nf5 17. g4 Rxe3 18. gxh5 Re8 19. Nb3 Ncxd4 20. Nbxd4 Nxd4 21. Nxd4 Bxd4 22. Qxd4 Rxe2 23. Rc3 Re4 24. Qd2 c6 25. h6 g6 26. Rg3 Qf6 27. b5 Rae8 28. bxc6 bxc6 29. Qa5 R4e7 30. Qa6 d4 31. Kg2 Qe6 0-1


[Site "https://www.chess.com"]

[Event "Titled Tuesday Blitz April 05 Late 2022"]
[White "D`Arruda, Ricardo D."]
[Black "Quirke, Jeffrey"]
[WhiteFideId "100692"]
[BlackFideId "2013029"]
[WhiteElo "2182"]
[BlackElo "2238"]
[Result "1-0"]
[Round "10"]
[TimeControl "180+1"]
[Date "2022.04.06"]
[WhiteClock "0:00:19"]
[BlackClock "0:00:07"]

1. e4 c5 2. Nf3 e6 3. b3 b6 4. Bb2 Bb7 5. d3 Nc6 6. Nbd2 Nf6 7. g3 d6 8. Bg2 Be7 9. O-O O-O 10. Qe2 Qc7 11. Rfe1 Rfe8 12. a4 a6 13. Nc4 b5 14. Ne3 Nd7 15. Ng4 Bf8 16. h4 Nde5 17. Ngxe5 dxe5 18. Ng5 h6 19. Nf3 Nd4 20. Nxd4 cxd4 21. Rec1 Rec8 22. c3 Qd7 23. c4 bxa4 24. Rxa4 a5 25. Rca1 Bb4 26. Bc1 Bc6 27. R4a2 Bc3 28. Bb2 Bxb2 29. Qxb2 Qc7 30. Qd2 Rcb8 31. Rxa5 Rxa5 32. Qxa5 Qxa5 33. Rxa5 Rxb3 34. Bf1 f6 35. Ra6 Bd7 36. Rd6 Rb7 37. f4 Kf7 38. fxe5 fxe5 39. Ra6 Rb2 40. Ra5 Kf6 41. Ra7 Be8 42. Ra8 Bh5 43. Rf8+ Ke7 44. Rf2 Rb1 45. Kg2 Be8 46. Be2 Rc1 47. Bf1 Rc3 48. Ra2 Bh5 49. Kf2 Bd1 50. Be2 Bxe2 51. Kxe2 Kf6 52. Kd2 h5 53. Rc2 Ra3 54. c5 Ra7 55. c6 Rc7 56. Rc5 Ke7 57. Rxe5 Kd6 58. Rxh5 Rxc6 59. Rg5 Rc7 60. h5 e5 61. Rg6+ Kc5 62. Re6 1-0


[Site "https://www.chess.com"]

[Event "Titled Tuesday Blitz April 05 Late 2022"]
[White "Demchenko, Anton"]
[Black "Tristan, Leonardo"]
[WhiteFideId "4160258"]
[BlackFideId "113816"]
[WhiteElo "2539"]
[BlackElo "2404"]
[Result "1-0"]
[Round "10"]
[TimeControl "180+1"]
[Date "2022.04.05"]
[WhiteClock "0:00:55"]
[BlackClock "0:00:37"]

1. e4 d5 2. exd5 Qxd5 3. Nc3 Qa5 4. g3 Nf6 5. Bg2 e5 6. d3 c6 7. Nf3 Bd6 8. O-O h6 9. Re1 O-O 10. a3 Qc7 11. b4 Re8 12. Bb2 Be6 13. d4 exd4 14. Nxd4 Bd7 15. Qd3 Na6 16. Nf5 Bxf5 17. Qxf5 Rxe1+ 18. Rxe1 Re8 19. Rxe8+ Nxe8 20. Ne4 Bf8 21. c4 Nd6 22. Nf6+ gxf6 23. Qxf6 Kh7 24. Qh8+ Kg6 25. Qxf8 Nxc4 26. Qg7+ Kf5 27. Qf6+ Kg4 28. h3+ Kh5 29. Bf3# 1-0


[Site "https://www.chess.com"]

[Event "Titled Tuesday Blitz April 05 Late 2022"]
[White "Dimakiling, Oliver"]
[Black "Sztokbant, Bernardo Vainzoff"]
[WhiteFideId "5202248"]
[BlackFideId "2115956"]
[WhiteElo "2670"]
[BlackElo "2535"]
[Result "1-0"]
[Round "10"]
[TimeControl "180+1"]
[Date "2022.04.06"]
[WhiteClock "0:00:42"]
[BlackClock "0:00:04"]

1. e4 c6 2. d3 d5 3. Nd2 e5 4. Ngf3 Bd6 5. d4 exd4 6. Bd3 Ne7 7. O-O Nd7 8. Nxd4 O-O 9. exd5 Nxd5 10. Nf5 N7f6 11. Nxd6 Qxd6 12. Ne4 Nxe4 13. Bxe4 Qe5 14. Qf3 Be6 15. c3 Nf6 16. Bc2 Bd5 17. Qh3 h6 18. Be3 Qe6 19. Qh4 Qg4 20. Qxg4 Nxg4 21. Bd4 Rfe8 22. Rfe1 f6 23. Rxe8+ Rxe8 24. f3 Ne5 25. Bxa7 Ra8 26. Bd4 Rxa2 27. Rxa2 Bxa2 28. b3 Nd7 29. c4 Kf7 30. Kf2 Ke6 31. Ke3 b5 32. cxb5 cxb5 33. Kd3 Kd5 34. Be3 b4 35. Kd2 Nc5 36. Bxc5 Kxc5 37. Kc1 Kd4 38. Kb2 Bxb3 39. Kxb3 Ke3 40. Be4 Kf2 41. g4 Kg2 42. h4 Kg3 43. h5 f5 44. Bxf5 Kxf3 45. Kxb4 Kf4 46. Kc5 Ke5 47. Kc6 Kf6 48. Kd7 Kf7 49. Bg6+ Kg8 50. Ke8 Kh8 51. Bf7 Kh7 52. Kf8 Kh8 53. Be6 Kh7 54. Kf7 Kh8 55. Ke7 Kh7 56. Bf5+ Kg8 57. Bc2 Kh8 58. Kf7 g5 59. Kg6 Kg8 60. Kxh6 1-0


[Site "https://www.chess.com"]

[Event "Titled Tuesday Blitz April 05 Late 2022"]
[White "Domingo Nunez, Alejandro"]
[Black "Degardin, Sylvain"]
[WhiteFideId "22245561"]
[BlackFideId "20623070"]
[WhiteElo "2215"]
[BlackElo "2156"]
[Result "1-0"]
[Round "10"]
[TimeControl "180+1"]
[Date "2022.04.05"]
[WhiteClock "0:01:43"]
[BlackClock "0:00:32"]

1. d4 Nf6 2. Nf3 g6 3. g3 Bg7 4. Bg2 O-O 5. O-O d5 6. Re1 Bf5 7. Nh4 Be6 8. Nc3 c6 9. e4 dxe4 10. Nxe4 Nxe4 11. Rxe4 Bd5 12. Rf4 Bxg2 13. Nxg2 e5 14. Rh4 exd4 15. Bh6 Bxh6 16. Rxh6 Qg5 17. Rh4 c5 18. b4 b6 19. Rg4 Qf6 20. Rf4 Qg7 21. bxc5 bxc5 22. Qf3 Nd7 23. Qd5 Rad8 24. Rb1 Qe5 25. Qc6 Rb8 26. Re1 Qxe1+ 27. Nxe1 Ne5 28. Qxc5 Rfe8 29. Kg2 f5 30. Nd3 Ng4 31. Rxd4 Rbc8 32. Qd5+ Kg7 33. Qb7+ Kh6 34. Rd7 Rxc2 35. Rxh7+ Kg5 36. h4+ Kf6 37. Qf7# 1-0


[Site "https://www.chess.com"]

[Event "Titled Tuesday Blitz April 05 Late 2022"]
[White "Dubov, Daniil"]
[Black "Kobalia, Mikhail"]
[WhiteFideId "24126055"]
[BlackFideId "4119150"]
[WhiteElo "2791"]
[BlackElo "2667"]
[Result "1-0"]
[Round "10"]
[TimeControl "180+1"]
[Date "2022.04.05"]
[WhiteClock "0:00:06"]
[BlackClock "0:00:02"]

1. a3 d5 2. Nf3 Bg4 3. Ne5 Bf5 4. c4 e6 5. d4 Nf6 6. Nc3 Nbd7 7. Bg5 Be7 8. e3 O-O 9. f4 Ne4 10. Bxe7 Qxe7 11. Nxe4 Bxe4 12. Bd3 Bxd3 13. Qxd3 Nxe5 14. fxe5 f6 15. O-O fxe5 16. dxe5 Qc5 17. cxd5 Qxd5 18. Qc3 Rxf1+ 19. Rxf1 c5 20. e4 Qxe4 21. Qxc5 h6 22. h3 Rd8 23. Rf2 Kh7 24. Qc2 Rd3 25. Rf3 Rd4 26. Qxe4+ Rxe4 27. Rf7 b5 28. Rxa7 Rxe5 29. Ra5 Rd5 30. Ra6 Rd2 31. b4 Ra2 32. Rxe6 Rxa3 33. Rb6 Ra2 34. Kh2 Rb2 35. Rxb5 Kg6 36. Kg3 Kf6 37. Kf3 Rb3+ 38. Kg4 Rb2 39. Rb6+ Kf7 40. g3 Rb3 41. h4 g6 42. b5 h5+ 43. Kf4 Kg7 44. Rb8 Rb4+ 45. Kf3 Rb3+ 46. Kf4 Rb4+ 47. Ke5 Rb3 48. b6 g5 49. hxg5 Rxg3 50. Kd6 Rd3+ 51. Kc6 Rc3+ 52. Kd6 Rd3+ 53. Kc5 Rc3+ 54. Kb4 Rc1 55. Rd8 Rb1+ 56. Kc5 Rc1+ 57. Kb5 Rb1+ 58. Kc6 Rc1+ 59. Kd6 Rb1 60. Kc7 Rc1+ 61. Kb8 Kg6 62. Rg8+ Kf5 63. g6 Kf6 64. Rh8 Rc5 65. b7 Kxg6 66. Ka7 Ra5+ 67. Kb6 Ra1 68. b8=Q Rb1+ 69. Kc5 Rxb8 70. Rxb8 Kf5 71. Kd4 Kf4 72. Rf8+ 1-0


[Site "https://www.chess.com"]

[Event "Titled Tuesday Blitz April 05 Late 2022"]
[White "Estrada Nieto, Julian"]
[Black "Diaz Perez, Michel Alejandro"]
[WhiteFideId "5101018"]
[BlackFideId "3517179"]
[WhiteElo "2252"]
[BlackElo "2313"]
[Result "0-1"]
[Round "10"]
[TimeControl "180+1"]
[Date "2022.04.05"]
[WhiteClock "0:00:01"]
[BlackClock "0:00:50"]

1. e4 d6 2. d4 Nf6 3. Nc3 Nbd7 4. Nf3 e5 5. Bc4 Be7 6. O-O O-O 7. Re1 c6 8. a4 h6 9. b3 Re8 10. Bb2 Bf8 11. Bd3 Qc7 12. Ne2 b6 13. c4 Bb7 14. Ng3 g6 15. Qd2 Bg7 16. h4 exd4 17. Nxd4 d5 18. cxd5 cxd5 19. Rac1 Qd8 20. Nb5 dxe4 21. Bc4 Nc5 22. Nd6 Re7 23. Rcd1 Rd7 24. Nxf7 Kh7 25. Nxd8 Rxd2 26. Rxd2 Bc8 27. h5 gxh5 28. Nf7 h4 29. Nf1 h3 30. Rd8 hxg2 31. Kxg2 Nh5 32. Bxg7 Kxg7 33. Ne3 Nd3 34. Rg1 Kf6 35. Nd5+ Kxf7 36. Nxb6+ Ke7 37. Nxa8 Kxd8 38. Rd1 Bf5 39. f3 Kc8 40. fxe4 Bxe4+ 41. Kf1 Nb2 42. Be6+ Kb7 43. Rd8 Nf4 44. Bc8+ Kc6 45. Rf8 Nfd3 0-1


[Site "https://www.chess.com"]

[Event "Titled Tuesday Blitz April 05 Late 2022"]
[White "Ezat, Mohamed"]
[Black "Melikhov, Evgeny V."]
[WhiteFideId "10600906"]
[BlackFideId "4122046"]
[WhiteElo "2584"]
[BlackElo "2363"]
[Result "1-0"]
[Round "10"]
[TimeControl "180+1"]
[Date "2022.04.06"]
[WhiteClock "0:01:41"]
[BlackClock "0:01:25"]

1. d4 Nf6 2. c4 e6 3. Nc3 Bb4 4. e3 b6 5. a3 Bxc3+ 6. bxc3 d5 7. cxd5 Nxd5 8. c4 Ne7 9. Bd3 c5 10. Nf3 Bb7 11. O-O O-O 12. Bb2 cxd4 13. exd4 Nbc6 14. Ng5 h6 15. Nh7 Re8 16. Qg4 Nf5 17. d5 Kxh7 18. Qxg7# 1-0


[Site "https://www.chess.com"]

[Event "Titled Tuesday Blitz April 05 Late 2022"]
[White "Gatterer, Florian"]
[Black "Cagara, Paulina"]
[WhiteFideId "811688"]
[BlackFideId "1124870"]
[WhiteElo "2218"]
[BlackElo "1780"]
[Result "1-0"]
[Round "10"]
[TimeControl "180+1"]
[Date "2022.04.06"]
[WhiteClock "0:00:12"]
[BlackClock "0:00:15"]

1. b3 f5 2. Bb2 Nf6 3. Nf3 d6 4. d4 g6 5. g3 Bg7 6. h4 h5 7. Nbd2 O-O 8. e3 Nc6 9. Ng5 Qe8 10. Bg2 e5 11. dxe5 dxe5 12. O-O e4 13. Nc4 Be6 14. Qe2 Rd8 15. Rad1 Qe7 16. Ba3 Qe8 17. Bxf8 Bxf8 18. Rxd8 Nxd8 19. Rd1 Nd5 20. Nxe6 Qxe6 21. Qd2 c6 22. Qd4 b6 23. Qe5 Bg7 24. Qxe6+ Nxe6 25. Bf1 Bf6 26. a4 Kg7 27. Nd6 Be5 28. Nc8 Nc5 29. c4 Nc3 30. Rd8 a5 31. Nxb6 g5 32. hxg5 h4 33. gxh4 f4 34. Nd7 Nxd7 35. Rxd7+ Kg6 36. exf4 Bxf4 37. Kg2 Kh5 38. Kh3 e3 39. fxe3 Bxe3 40. Rd6 Ne4 41. Rh6# 1-0


[Site "https://www.chess.com"]

[Event "Titled Tuesday Blitz April 05 Late 2022"]
[White "Gogolev, Artem"]
[Black "Hambleton, Aman"]
[WhiteFideId "4116615"]
[BlackFideId "2606577"]
[WhiteElo "2126"]
[BlackElo "2552"]
[Result "0-1"]
[Round "10"]
[TimeControl "180+1"]
[Date "2022.04.05"]
[WhiteClock "0:00:04"]
[BlackClock "0:00:04"]

1. d4 Nf6 2. Nf3 e6 3. c4 b6 4. g3 Ba6 5. b3 Bb4+ 6. Bd2 c5 7. Bg2 Bb7 8. O-O O-O 9. Bg5 cxd4 10. Qxd4 Be7 11. Nc3 d6 12. Rfd1 a6 13. Bxf6 Bxf6 14. Qd3 Qc7 15. Rac1 Rd8 16. Ne4 Be7 17. Neg5 g6 18. Qd4 Nd7 19. Qf4 Nf6 20. Nxf7 Nh5 21. Nh6+ Kg7 22. Qf7+ Kxh6 23. g4 Bxf3 24. Bxf3 Rf8 25. Qxe6 Nf4 26. Qe3 Rae8 27. Rd5 Kg7 28. Qd4+ Kg8 29. g5 Nh3+ 30. Kg2 Nxg5 31. Rxg5 Bxg5 32. Bd5+ Rf7 33. Rc3 Kf8 34. Bxf7 Kxf7 35. Rf3+ Ke7 36. Qg7+ Kd8 37. Rf7 Qc6+ 38. Kg1 Be7 39. Qxh7 Qe4 40. e3 Qg4+ 41. Kf1 Qd1+ 42. Kg2 Qg4+ 43. Kf1 b5 44. cxb5 Qd1+ 45. Kg2 Qg4+ 46. Kf1 axb5 47. Qg7 Qd1+ 48. Kg2 Qg4+ 49. Kf1 b4 50. h3 Qxh3+ 51. Ke2 Qg4+ 52. Kd2 Qe6 53. Rf4 Qe5 54. Qxg6 Qb2+ 55. Ke1 Qa1+ 56. Ke2 Qxa2+ 57. Kf3 Qxb3 58. Rd4 Rf8+ 59. Kg2 Rg8 0-1


[Site "https://www.chess.com"]

[Event "Titled Tuesday Blitz April 05 Late 2022"]
[White "Golubev, Mikhail"]
[Black "Kohler, Aran"]
[WhiteFideId "14100983"]
[BlackFideId "1002856"]
[WhiteElo "2411"]
[BlackElo "2322"]
[Result "1-0"]
[Round "10"]
[TimeControl "180+1"]
[Date "2022.04.06"]
[WhiteClock "0:01:07"]
[BlackClock "0:00:11"]

1. d4 d5 2. c4 c6 3. Nc3 Nf6 4. Nf3 e6 5. Bg5 dxc4 6. e4 b5 7. e5 h6 8. Bh4 g5 9. Nxg5 Nd5 10. Nxf7 Qxh4 11. Nxh8 Bb4 12. Qc2 Nd7 13. O-O-O Qg5+ 14. Kb1 Bxc3 15. bxc3 Bb7 16. Be2 Qe7 17. Bh5+ Kd8 18. Nf7+ Kc7 19. Nd6 a5 20. h4 b4 21. Rh3 c5 22. Nxc4 Nxc3+ 23. Rxc3 bxc3 24. Qxc3 Be4+ 25. Ka1 Qxh4 26. Bf3 Bxf3 27. Qxf3 Rb8 28. Nxa5 cxd4 29. Qc6+ Kd8 30. Qxe6 Qxf2 31. Nc6+ Kc8 32. Nxb8 Qc2 33. Qxd7+ Kxb8 34. Rb1+ Ka8 35. Qd8+ Ka7 36. Qa5# 1-0


[Site "https://www.chess.com"]

[Event "Titled Tuesday Blitz April 05 Late 2022"]
[White "Gomez Dieguez, David"]
[Black "Stoenescu, Radu"]
[WhiteFideId "22223630"]
[BlackFideId "610143"]
[WhiteElo "2115"]
[BlackElo "1925"]
[Result "1-0"]
[Round "10"]
[TimeControl "180+1"]
[Date "2022.04.06"]
[WhiteClock "0:00:03"]
[BlackClock "0:00:06"]

1. c4 f5 2. Nf3 Nf6 3. g3 g6 4. Bg2 Bg7 5. O-O d6 6. d4 O-O 7. Nc3 c6 8. d5 Bd7 9. Qc2 Na6 10. Re1 Rc8 11. e4 fxe4 12. Nxe4 cxd5 13. Neg5 Rxc4 14. Qb3 Nc5 15. Qe3 e5 16. b3 Rb4 17. Ba3 d4 18. Qc1 Rb6 19. Bxc5 Rc6 20. b4 b6 21. Nxe5 dxe5 22. Bxc6 Bxc6 23. Ne6 Qd5 24. Kf1 Bb5+ 25. Kg1 Bc6 26. Kf1 Qg2+ 27. Ke2 Bb5+ 28. Kd2 Qxf2+ 29. Kd1 Ng4 30. Qd2 Ne3+ 31. Kc1 Qf5 32. Bxf8 Qxe6 33. Bxg7 Qc4+ 34. Kb2 Kxg7 35. Rac1 Qd5 36. Rxe3 1-0


[Site "https://www.chess.com"]

[Event "Titled Tuesday Blitz April 05 Late 2022"]
[White "Goryachkina, Aleksandra"]
[Black "Przybylski, Wojciech"]
[WhiteFideId "4147103"]
[BlackFideId "1117599"]
[WhiteElo "2625"]
[BlackElo "2463"]
[Result "1-0"]
[Round "10"]
[TimeControl "180+1"]
[Date "2022.04.06"]
[WhiteClock "0:00:29"]
[BlackClock "0:00:02"]

1. e4 e5 2. Nf3 Nc6 3. d4 exd4 4. Bc4 Nf6 5. O-O Nxe4 6. Re1 d5 7. Bxd5 Qxd5 8. Nc3 Qa5 9. Nxe4 Be6 10. Neg5 O-O-O 11. Nxe6 fxe6 12. Rxe6 Bd6 13. Bg5 Rde8 14. Qe2 Kd7 15. Rxe8 Rxe8 16. Qd3 g6 17. Bf6 Qf5 18. Qxf5+ gxf5 19. Nxd4 Nxd4 20. Bxd4 Re2 21. Rc1 Bf4 22. Rd1 Rxc2 23. Bxa7+ Ke6 24. Bd4 c5 25. Bh8 b5 26. Kf1 c4 27. g3 Bd6 28. a3 b4 29. axb4 Bxb4 30. Bd4 f4 31. Kg2 Kf5 32. Kf3 fxg3 33. hxg3 h5 34. Ra1 c3 35. bxc3 Bxc3 36. Bxc3 Rxc3+ 37. Kg2 Rc5 38. Ra4 Kg5 39. Kh3 Rb5 40. f4+ Kg6 41. Kh4 Rc5 42. Ra6+ Kg7 43. Re6 Rb5 44. Re5 1-0


[Site "https://www.chess.com"]